 Dungeon Crawl Stone Soup version 0.22-b1-59-g0aedee7 (webtiles) character file.

765 MTVSty1e the Cleaver (level 7, -8/61 HPs)
             Began as a Gargoyle Monk on Aug 9, 2018.
             Was a Believer of Okawaru.
             Mangled by an ice beast (12 damage)
             ... on level 5 of the Dungeon.
             The game lasted 00:09:06 (5090 turns).

MTVSty1e the Cleaver (Gargoyle Monk)                Turns: 5090, Time: 00:09:07

Health: -8/61      AC: 23    Str: 16    XL:     7   Next: 81%
Magic:  7/7        EV:  2    Int: 11    God:    Okawaru [**....]
Gold:   244        SH:  0    Dex: 12    Spells: 6/6 levels left

rFire    . . .     SeeInvis .   q - +0 war axe
rCold    . . .     Gourm    .   (no shield)
rNeg     + + +     Faith    .   (armour currently unavailable)
rPois    ∞         Spirit   .   (helmet currently unavailable)
rElec    .         Reflect  .   (cloak currently unavailable)
rCorr    .         Harm     .   (gloves currently unavailable)
MR       .....     NoTele   +   (boots currently unavailable)
Stlth    ++........             c - amulet of rage
HPRegen  0.20/turn              (no ring)
MPRegen  0.10/turn              (no ring)

@: tree-form
A: negative energy resistance 1, petrification resistance, rot immunity, AC +4
a: Heroism, Renounce Religion, Evoke Berserk Rage


You were on level 5 of the Dungeon.
You worshipped Okawaru.
Okawaru was pleased with you.
You were not hungry.
You were a tree.
You visited 1 branch of the dungeon, and saw 5 of its levels.

You collected 244 gold pieces.

Inventory:

Hand Weapons
 a - a +0 hand axe
 q - a +0 war axe (weapon)
Armour
 d - a scarf of repulsion (melded)
 i - a +0 hat (melded)
 o - a +0 ring mail (melded)
Jewellery
 c - an amulet of rage (around neck)
 k - a +2 ring of strength {unknown}
 t - an uncursed amulet of harm {unknown}
Scrolls
 f - 5 scrolls of teleportation
 g - 2 scrolls of identify
 h - a scroll of remove curse
 n - 2 scrolls of noise {unknown}
 p - 2 scrolls of magic mapping {unknown}
 r - a scroll of blinking {unknown}
Potions
 b - a potion of haste {unknown}
 j - a potion of brilliance {unknown}
 l - a potion of flight {unknown}
 s - 2 potions of curing {unknown}
 u - 2 potions of degeneration {unknown}
Comestibles
 m - 10 rations


   Skills:
 - Level 3.2 Fighting
 + Level 8.2 Axes
 - Level 2.4 Dodging
 - Level 2.1 Stealth


You had 6 spell levels left.
You didn't know any spells.
Your spell library contained the following spells:

 Spells                   Type           Power        Failure   Level  Hunger
 Confuse                  Hex            #.......     71%         3    ####...
 Confusing Touch          Hex            #.....       34%         1    ##.....
 Metabolic Englaciation   Hex/Ice        #.........   100%        5    ######.
 Petrify                  Tmut/Erth      #.......     98%         4    #####..
 Gell's Gravitas          Tloc           #.........   71%         3    ####...
 Yara's Violent Unravell  Hex/Tmut       #.........   100%        5    ######.


Dungeon Overview and Level Annotations

Branches:
Dungeon (5/15)
 Temple: D:4-7

Altars:
Hepliaklqana
Okawaru
Xom
Yredelemnul


Innate Abilities, Weirdness & Mutations

You are resistant to torment.
((Your stone body is resilient. (AC +4)))
You are immune to poison.
You resist negative energy. (rN+)
((You are resistant to electric shocks. (rElec)))
((You can survive without breathing.))
You are immune to petrification.
You are immune to rotting.


Message History

You see here an arrow.
The centaur shoots an arrow.
The arrow hits you.
You see here an arrow.
You turn into a tree.
Your scarf of repulsion melds into your body.
Your +0 hat melds into your body.
Your +0 ring mail melds into your body.
The haze of the repulsion field disappears.
Your roots penetrate the ground.
The ice beast hits you.
* * * LOW HITPOINT WARNING * * *
The ice beast freezes you!
* * * LOW HITPOINT WARNING * * *
You barely miss the ice beast.
The ice beast is moderately wounded.
The ice beast hits you but does no damage.
You hit the ice beast.
The ice beast is heavily wounded.
The ice beast hits you.
* * * LOW HITPOINT WARNING * * *
The ice beast freezes you!
You die...

.....[. .# ....... .#
.......###.#
.........#.#####
...............#
.######(..>....#
.......(c.>....#
.#######Y####### ##
#♣####### #<
#########........ #.
...#............ #.
###.#.###################.
#.........................
#.#.#.####################
#.#)#.# #.#.#.# #.#.#.#


You could see an ice beast and a centaur.

Vanquished Creatures
  Sigmund (D:3)
  A phantom (D:4)
  An ogre (D:4)
  A centaur (D:5)
  A jelly (D:5)
  2 orc wizards
  Natasha (twice) (D:3)
  2 worker ants
  A hound skeleton (D:5)
  2 adders (D:4)
  4 gnolls (D:4)
  An ooze (D:3)
  An adder skeleton (D:4)
  A worm (D:3)
  4 dart slugs
  2 leopard geckos
  12 orcs
  4 giant cockroaches
  7 goblins
  9 hobgoblins
  7 jackals
  9 kobolds
  2 quokkas
  A ball python skeleton (D:4)
  7 bats
  4 frilled lizards
  6 rats
95 creatures vanquished.

Notes
Turn   | Place    | Note
-------+----------+-------------------------------------------
     0 | D:1      | MTVSty1e the Gargoyle Monk began the quest for the Orb.
     0 | D:1      | Reached XP level 1. HP: 14/14 MP: 1/1
    74 | D:1      | Reached skill level 3 in Axes
   602 | D:1      | Reached XP level 2. HP: 13/19 MP: 2/2
  1335 | D:2      | Reached XP level 3. HP: 23/23 MP: 3/3
  1509 | D:2      | Reached skill level 4 in Axes
  2050 | D:3      | Reached XP level 4. HP: 27/28 MP: 4/4
  2251 | D:3      | Noticed Sigmund
  2270 | D:3      | Killed Sigmund
  2270 | D:3      | Reached skill level 6 in Axes
  2270 | D:3      | Reached XP level 5. HP: 11/32 MP: 5/5
  2270 | D:3      | Reached XP level 6. HP: 13/37 MP: 6/6
  2676 | D:3      | Found a faded altar of an unknown god.
  2734 | D:3      | Found a basalt altar of Yredelemnul.
  2737 | D:3      | Found a hazy altar of Hepliaklqana.
  2740 | D:3      | Found an iron altar of Okawaru.
  2744 | D:3      | Became a worshipper of Warmaster Okawaru
  2744 | D:3      | Reached * piety under Okawaru
  2744 | D:3      | Reached ** piety under Okawaru
  2849 | D:3      | Paralysed by an orc for 2 turns
  2856 | D:3      | Noticed Natasha
  2860 | D:3      | Found a shimmering altar of Xom.
  2865 | D:3      | Killed Natasha
  2991 | D:3      | Noticed Natasha
  3009 | D:3      | Killed Natasha
  3319 | D:4      | Reached skill level 7 in Axes
  3319 | D:4      | Reached XP level 7. HP: 16/41 MP: 4/7
  4842 | D:5      | Entered Level 5 of the Dungeon
  5027 | D:5      | Reached skill level 8 in Axes
  5090 | D:5      | Mangled by an ice beast

Skill      XL: |  1  2  3  4  5  6  7 |
---------------+----------------------+-----
Axes           | 3 4 6 7 8 |  8.2
Fighting       | |  3.2
Dodging        | |  2.4
Stealth        | |  2.1

Action                   |  1- 3 |  4- 6 |  7- 9 || total
-------------------------+-------+-------+-------++-------
Melee: Hand axe          |   150 |    62 |       ||   212
       War axe           |       |    71 |    84 ||   155
Invok: Heroism           |       |     1 |     1 ||     2
  Use: Scroll            |     3 |       |       ||     3
       Potion            |       |     1 |     1 ||     2
 Stab: Sleeping          |     7 |       |       ||     7
  Eat: Ration            |     1 |       |       ||     1
       Chunk             |       |     5 |     5 ||    10
Armor: Robe              |    20 |       |       ||    20
       Leather armour    |    36 |       |       ||    36
       Ring mail         |     6 |    66 |    42 ||   114
       Skin              |       |     1 |     1 ||     2
Dodge: Dodged            |    99 |    94 |    51 ||   244
       Deflected         |     4 |     5 |     5 ||    14
